 Dungeon Crawl Stone Soup version 0.16-a0-778-g0731923 (webtiles) character file.

359 PolkaDot the Caller (level 6, 0/41 HPs)
             Began as a Vampire Summoner on Sept 25, 2014.
             Killed by divine providence
             ... invoked by an orc priest
              (12 damage)
             ... on Level 4 of the Dungeon.
             The game lasted 00:16:35 (4224 turns).

PolkaDot the Caller (Vampire Summoner)              Turns: 4224, Time: 00:16:35

HP   0/41        AC  4     Str  7      XL: 6   Next: 37%
MP   0/10        EV 12     Int 19      God:
Gold 233         SH  0     Dex 14      Spells:  3 memorised,  3 levels left

rFire  . . .     SeeInvis +     b - +2 quarterstaff (chaos)
rCold  . . .     Clarity  .     q - +0 robe
rNeg   . . .     rCorr    .     (no shield)
rPois  .         rRot     .     (no helmet)
rElec  .         Spirit   +     t - +0 cloak
SustAb .         Warding  .     (no gloves)
rMut   .         Stasis   .     g - +0 pair of boots
Gourm  .                        j - amulet of guardian spirit
MR     .....                    (no ring)
                                d - ring of teleport control

@: regenerating very quickly, not resistant to hostile enchantments, unstealthy
A: bottle blood, fangs 3, see invisible, unbreathing
a: Bottle Blood, Evoke Teleport Control


You were on level 4 of the Dungeon.
You were almost alive.

You visited 1 branch of the dungeon, and saw 4 of its levels.

You collected 233 gold pieces.

Inventory:

Hand weapons
 a - a +1 scythe of protection
 b - a +2 quarterstaff of chaos (weapon)
Missiles
 i - a throwing net (quivered)
Armour
 g - a +0 pair of boots (worn)
 q - a +0 robe (worn)
 t - a +0 cloak (worn)
Scrolls
 e - a scroll of immolation {unknown}
 f - 5 scrolls of remove curse
 h - a scroll of noise
 k - a scroll of amnesia
 l - a scroll of random uselessness
 m - a scroll of enchant armour {unknown}
 n - 2 scrolls of teleportation
 p - 3 scrolls of magic mapping {unknown}
Jewellery
 d - a ring of teleport control (left hand)
 j - an amulet of guardian spirit (around neck)
Potions
 c - 2 potions of agility
 o - a potion of blood {@*1}
Books
 s - a book of Callings

   Spells                             Type                      Level
   *Summon Small Mammal               Summoning                    1
   *Call Imp                          Summoning                    2
   *Call Canine Familiar              Summoning                    3
   Summon Guardian Golem              Hexes/Summoning              4
   Summon Lightning Spire             Summoning/Air                4
   Summon Ice Beast                   Ice/Summoning                4


   Skills:
 - Level 2.1 Dodging
 - Level 3.0 Stealth
 - Level 2.0 Spellcasting
 + Level 7.8 Summonings


You had 3 spell levels left.
You knew the following spells:

 Your Spells              Type           Power        Failure   Level  Hunger
a - Summon Small Mammal   Summ           ####         1%          1    #......
d - Call Canine Familiar  Summ           ####....     1%          3    ####...
s - Call Imp              Summ           ####....     1%          2    ##.....


Dungeon Overview and Level Annotations

Branches:
Dungeon (4/15)
 Temple: D:4-7

Altars:


Innate Abilities, Weirdness & Mutations

Your natural rate of healing is extremely fast.
You can bottle blood from corpses.
You have razor-sharp teeth.
You have supernaturally acute eyesight.
You can survive without breathing.


Message History

The orc priest is heavily wounded.
The orc priest invokes the aid of Beogh against you.
Pain shoots through your body! The orc priest hits you with a flail!
* * * LOW HITPOINT WARNING * * *
You closely miss the orc priest.
The orc priest is heavily wounded.
The orc priest mumbles some strange prayers to Beogh against you.
Something smites you!
* * * LOW MAGIC WARNING * * *;
* * * LOW HITPOINT WARNING * * *
You hit the orc priest.
The orc priest is severely wounded.
Casting: Call Canine Familiar
Confirm with . or Enter, or press ? or * to list all spells.
* * * LOW MAGIC WARNING * * *
The orc priest hits you with a flail.
* * * LOW HITPOINT WARNING * * *
The orc priest invokes the aid of Beogh against you.
Something smites you!
* * * LOW MAGIC WARNING * * *
You die...

+.......'..+...+
#.###%######...##
#.###.####......#
...'..'..'......+ .
#'###'##'#......#+###.'#
............###.......#
............+ +......#
............###.oo...#.
######....####..@#+#....
.....'....'..+...'h.+
###+##....####...##..#
.##.#....######...# .$#
.'..'....'.'..'...+ ..#
.#+##....#'####....+ .
............ .....(..
.....%................
.....................


You could see 2 orc priests and a friendly hound.

Vanquished Creatures
  Sigmund (D:3)
  Crazy Yiuf (D:3)
  An iguana (D:4)
  5 adders
  2 gnolls (D:3)
  An inept feature mimic (D:3)
  An orc (D:4)
  4 giant cockroaches
  8 goblins
  10 hobgoblins
  2 quokkas
  3 ball pythons
  11 bats
  4 giant geckos
  A giant gecko skeleton (D:4)
  4 giant newts
  9 kobolds
  A kobold skeleton (D:4)
  5 rats
  A rat skeleton (D:4)
  A fungus (D:3)
76 creatures vanquished.

Vanquished Creatures (collateral kills)
  A hound (D:4)
  An orc wizard (D:4)
  Ijyb (D:2)
  4 adders
  2 gnolls
  2 worms (D:2)
  A giant gecko (D:1)
  An orc (D:4)
  3 goblins
  4 jackals
  2 kobolds
  A ball python (D:2)
23 creatures vanquished.

Vanquished Creatures (others)
  2 hounds
  2 butterflies (D:4)
4 creatures vanquished.

Grand Total: 103 creatures vanquished

Notes
Turn   | Place    | Note
--------------------------------------------------------------
     0 | D:1      | PolkaDot, the Vampire Summoner, began the quest for the Orb.
     0 | D:1      | Reached XP level 1. HP: 13/13 MP: 3/3
   399 | D:1      | Reached XP level 2. HP: 8/19 MP: 4/4
  1061 | D:1      | Reached skill level 5 in Summonings
  1061 | D:1      | Reached XP level 3. HP: 12/24 MP: 0/6
  1169 | D:1      | Learned a level 3 spell: Call Canine Familiar
  1172 | D:1      | Learned a level 2 spell: Call Imp
  1445 | D:2      | Noticed Ijyb
  1455 | D:2      | Killed Ijyb
  1699 | D:2      | Reached XP level 4. HP: 17/30 MP: 1/7
  2440 | D:3      | Noticed Sigmund
  2442 | D:3      | Reached skill level 6 in Summonings
  2461 | D:3      | Killed Sigmund
  2461 | D:3      | Reached XP level 5. HP: 22/35 MP: 3/9
  2717 | D:3      | Reached skill level 7 in Summonings
  3056 | D:3      | Noticed Crazy Yiuf
  3170 | D:3      | Killed Crazy Yiuf
  3425 | D:4      | Reached XP level 6. HP: 23/41 MP: 0/10
  4224 | D:4      | Killed from afar by an orc priest

Action                   |  1- 3 |  4- 6 || total
-------------------------+-------+-------++-------
Melee: Club              |   143 |    17 ||   160
       Unarmed           |     2 |       ||     2
       Dagger            |       |    46 ||    46
       Scythe            |       |    44 ||    44
       Quarterstaff      |       |    72 ||    72
 Cast: Summon Small Mamm |    11 |     1 ||    12
       Call Canine Famil |     4 |     8 ||    12
       Call Imp          |     4 |     2 ||     6
 Abil: Bottle Blood      |       |     3 ||     3
  Use: Scroll            |     1 |     9 ||    10
       Potion            |       |     6 ||     6
 Stab: Sleeping          |     5 |     5 ||    10
       Confused          |     2 |       ||     2
       Invisible         |       |     2 ||     2
  Eat: Corpse            |    14 |    19 ||    33
